 Dungeon Crawl Stone Soup version 0.25-a0-510-ge065f6de7d (webtiles) character file.

Game seed: 15234286768087439272, levelgen mode: classic

36484 EnegeticOcto the Pandemonic (level 13, -16/118 HPs)
             Began as a Deep Dwarf Fighter on Feb 15, 2020.
             Was a High Priest of Makhleb.
             Demolished by an orc knight
             ... wielding a +3 dire flail of protection
              (22 damage)
             ... on level 14 of the Dungeon.
             The game lasted 00:07:04 (8335 turns).

EnegeticOcto the Pandemonic (Deep Dwarf Fighter)    Turns: 8335, Time: 00:07:04

Health: -16/118    AC: 11    Str: 30    XL:     13   Next: 53%
Magic:  3/3        EV: 11    Int:  8    God:    Makhleb [*****.]
Gold:   891        SH: 13    Dex: 12    Spells: 12/12 levels left

rFire    . . .     SeeInvis +   B - +5 war axe of Ciamp {vorpal, rElec Str+4 SInv}
rCold    . . .     Gourm    .   c - +0 kite shield
rNeg     . . .     Faith    .   v - +0 plate armour
rPois    .         Spirit   .   i - +0 helmet
rElec    +         Reflect  .   y - +0 cloak
rCorr    .         Harm     .   q - +1 pair of gloves
MR       +....                  (no boots)
Stlth    ..........             (no amulet)
HPRegen  0.00/turn              (no ring)
MPRegen  0.08/turn              (no ring)

@: corroded, non-regenerating
A: damage resistance, heal wounds, sense surroundings 2, no regeneration
a: Heal Wounds, Minor Destruction, Lesser Servant of Makhleb, Major Destruction,
Greater Servant of Makhleb, Renounce Religion


You were on level 14 of the Dungeon.
You worshipped Makhleb.
Makhleb was extremely pleased with you.
You were not hungry.

You visited 3 branches of the dungeon, and saw 16 of its levels.

You collected 891 gold pieces.

Inventory:

Hand Weapons
 a - a +1 war axe of flaming
 B - the +5 war axe of Ciamp (weapon) {vorpal, rElec Str+4 SInv}
   (You found it on level 10 of the Dungeon)

   It inflicts extra damage upon your enemies.
   It affects your strength (+4).
   It insulates you from electricity.
   It lets you see invisible.
Armour
 c - a +0 kite shield (worn)
 i - a +0 helmet (worn)
 q - a +1 pair of gloves (worn)
 v - a +0 plate armour (worn)
 y - a +0 cloak (worn)
Wands
 s - a wand of enslavement (4)
 C - a wand of disintegration (8)
 E - a wand of clouds (7)
 F - a wand of digging (3) {@V2}
Scrolls
 b - 3 scrolls of identify {@r1}
 h - 5 scrolls of teleportation {@r2}
 j - 3 scrolls of magic mapping {@r5}
 p - 13 scrolls of remove curse {@r6}
 w - 3 scrolls of enchant armour
 G - a scroll of brand weapon
 H - a scroll of fog
 I - a scroll of acquirement {unknown}
Potions
 d - 2 potions of might {@q3}
 f - 3 potions of degeneration {unknown}
 g - 2 potions of cancellation {unknown}
 k - 4 potions of heal wounds {unknown}
 l - 2 potions of brilliance {unknown}
 m - a potion of ambrosia {unknown}
 n - 3 potions of curing {@q1}
 o - 3 potions of invisibility
 r - 2 potions of agility {@q5}
 t - 5 potions of flight {unknown}
 x - 4 potions of haste {@q4}
 z - 2 potions of resistance {@q6}
 A - 2 potions of mutation {unknown}
 D - 2 potions of lignification {unknown}
 J - 2 potions of magic {unknown}
 K - a potion of berserk rage {unknown}
Comestibles
 e - 21 rations
 u - 2 chunks of flesh


   Skills:
 + Level 8.4 Fighting
 * Level 13.2 Axes
 + Level 10.0 Armour
 + Level 9.4 Dodging
 + Level 10.0 Shields
 * Level 13.7 Invocations


You had 12 spell levels left.
You didn't know any spells.
Your spell library contained the following spells:

 Spells                   Type           Power        Failure   Level  Hunger
 Confusing Touch          Hex            #.......     100%        3    ####...
 Gell's Gravitas          Tloc           #.........   100%        3    ####...
 Petrify                  Tmut/Erth      #.......     100%        4    #####..
 Metabolic Englaciation   Hex/Ice        #.........   100%        5    ######.
 Yara's Violent Unravell  Hex/Tmut       #.........   100%        5    ######.


Dungeon Overview and Level Annotations

Branches:
Dungeon (14/15)            Temple (1/1) D:6            Lair (1/6) D:11
    Orc (0/2) D:11
 Vaults: D:13-14

Altars:
Ashenzari
Cheibriados
Dithmenos
Elyvilon
Fedhas
Gozag
Hepliaklqana
Kikubaaqudgha
Makhleb
Nemelex Xobeh
Okawaru
Qazlal
Ru
Sif Muna
Trog
Uskayaw
Wu Jian
Xom
Yredelemnul
Zin
The Shining One

Shops:
D:4 }

Annotations:
Lair:1 Sonja


Innate Abilities, Weirdness & Mutations

You are resistant to damage.
You can heal yourself by infusing magical energy.
You passively map the area around you.
You do not regenerate.


Message History

You block the bullfrog's attack. The cyan ugly thing misses you.
You hit the cyan ugly thing but do no damage.
The cyan ugly thing is heavily wounded.
You hit the brown ugly thing. You hit the bullfrog.
The bullfrog snags a nearby centipede with its tongue.
You block the bullfrog's attack. The brown ugly thing gores you.
You are splashed with acid!
You block the cyan ugly thing's attack.
You barely miss the cyan ugly thing.
The cyan ugly thing is heavily wounded.
You hit the brown ugly thing but do no damage.
You hit the bullfrog. The bullfrog completely misses you.
The deep elf archer unwields a +0 dagger.
The deep elf archer wields a +0 shortbow.
The deep elf archer shoots an arrow.
The arrow hits you!
* * * LOW HITPOINT WARNING * * *
The brown ugly thing basks in the mutagenic energy from its kin and changes!
Your balrug gestures at the cyan ugly thing.
The cyan ugly thing is smitten.
The bullfrog closely misses you.
You slash the cyan ugly thing!
The cyan ugly thing is severely wounded.
You closely miss the bullfrog. You slash the cyan ugly thing!
The cyan ugly thing headbutts you.
* * * LOW HITPOINT WARNING * * *
The cyan ugly thing shocks you. You resist.
* * * LOW HITPOINT WARNING * * *
The bullfrog barely misses you.
You closely miss the cyan ugly thing.
The cyan ugly thing is severely wounded.
Your plate armour prevents you from hitting the cyan ugly thing.
You hit the troll. You barely miss the bullfrog. You block the troll's attack.
The troll claws you.
* * * LOW HITPOINT WARNING * * *
The troll claws you. You block the bullfrog's attack.
The cyan ugly thing headbutts you but does no damage.
The deep elf mage casts a spell.
The deep elf mage blinks!
You completely miss the cyan ugly thing.
The cyan ugly thing is severely wounded.
Your shield prevents you from hitting the cyan ugly thing.
You closely miss the troll. You hit the bullfrog.
The bullfrog hits you but does no damage.
The cyan ugly thing basks in the mutagenic energy from its kin and changes!
The troll barely misses you. The troll claws you. The troll barely misses you.
You block the cyan ugly thing's attack.
You barely miss the cyan ugly thing.
The cyan ugly thing is severely wounded.
You slash the white ugly thing! You hit the troll but do no damage.
You barely miss the bullfrog. You block the bullfrog's attack.
The troll bites you!
* * * LOW HITPOINT WARNING * * *
The troll claws you. The troll misses you.
You block the cyan ugly thing's attack.
The bullfrog hits you but does no damage.
The orc hits you from afar with a +0 trident.
You closely miss the cyan ugly thing.
The cyan ugly thing is severely wounded.
You slash the bullfrog!
You kill the bullfrog!
Makhleb accepts your kill.
You feel better.
You barely miss the troll. You barely miss the white ugly thing.
The deep elf mage mumbles some strange words.
The deep elf mage blinks!
The cyan ugly thing barely misses you. You block the troll's attack.
The troll closely misses you. You block the troll's attack.
You slash the cyan ugly thing!
The cyan ugly thing is almost dead.
You slash the white ugly thing! You closely miss the troll.
You hit the deep elf mage. You block the orc's attack.
The deep elf mage casts a spell.
The deep elf mage blinks!
The white ugly thing misses you. The troll barely misses you.
You block the troll's attack. The troll completely misses you.
The cyan ugly thing headbutts you!
* * * LOW HITPOINT WARNING * * *
The cyan ugly thing shocks you. You resist.
* * * LOW HITPOINT WARNING * * *
You feel much better. You block the orc's attack.
The deep elf mage gestures wildly while chanting.
The deep elf mage blinks!
The white ugly thing tail-slaps you but does no damage.
The cyan ugly thing headbutts you but does no damage.
You block the troll's attack. The troll claws you but does no damage.
The troll claws you.
You closely miss the cyan ugly thing.
The cyan ugly thing is almost dead.
You hit the white ugly thing but do no damage.
You slash the troll!
You hit the orc knight but do no damage.
The orc knight barely misses you. The white ugly thing tail-slaps you.
The white ugly thing freezes you!!
* * * LOW HITPOINT WARNING * * *
You block the orc's attack.
You hit the cyan ugly thing but do no damage.
The cyan ugly thing is almost dead.
You slash the white ugly thing! You slash the troll!
Your plate armour prevents you from hitting the orc knight.
The troll bites you. The troll claws you but does no damage.
You block the troll's attack. You block the cyan ugly thing's attack.
The orc knight hits you with a +3 dire flail of protection!!
You die...

* * ,* , , ,* *
#.#..#.# * ,,
.##.#..#.# , *
* ........., *
* * *,,
####§#..#.#####
*
.........e....
* , .....e.o..,
, ###.#eo#T###*
.#,
#....Eu@2))#,
#.
,.##.#Eu#(##..#
...# ,
,*,#.°#)# .#
#.#.#** #..##.
# ..... #..# ..
.##.#* **
#..#*### .##.#
#..# ..#.##
#.## ..#..#
##### #☼##


You could see an orc knight, 2 ugly things, a deep elf archer, 2 deep elf magi,
a troll, 2 fire elementals, an orc and a friendly balrug.

Vanquished Creatures
  Jorgrun (D:12)
  Frances (D:13)
  Nessos (D:13)
  Azrael (D:12)
  Josephine (D:10)
  Snorg (D:13)
  Fannar (D:11)
  4 hydras
  A centaur warrior (D:13)
  2 two-headed ogres
  The ghost of derval the Frost Mage, a novice DEIE of Makhleb (D:10)
  Pikel (D:8)
  5 ugly things
  2 deep elf magi (D:14)
  2 cyclopes (D:11)
  Psyche (D:8)
  A spiny frog (Lair:1)
  A gargoyle (D:10)
  2 kobold demonologists
  3 yaktaurs (D:14)
  5 trolls
  2 hornets
  11 slime creatures
  2 hippogriffs
  3 wraiths (D:10)
  3 hogs (D:10)
  5 fire elementals (D:12)
  A human (D:10)
  A wyvern (D:11)
  8 yaks
  A basilisk (D:9)
  3 hungry ghosts
  A water moccasin (D:11)
  Edmund (D:4)
  3 hell hounds (D:12)
  A porcupine (Lair:1)
  2 slaves (D:8)
  7 ice beasts
  9 orc warriors
  2 sky beasts
  3 eyes of draining
  3 necrophages (D:7)
  A black bear (D:7)
  A phantom (D:6)
  3 wolves (D:11)
  7 ogres
  13 centaurs
  2 crocodiles (Lair:1)
  6 big kobolds
  A wyvern zombie (D:12)
  12 bullfrogs
  3 scorpions
  10 killer bees (D:11)
  3 howler monkeys
  5 wights (D:13)
  An electric eel (D:11)
  5 crimson imps
  A centaur zombie (D:6)
  5 bullfrog zombies
  A jelly (D:8)
  Crazy Yiuf (D:6)
  13 hounds
  A bullfrog skeleton (D:5)
  2 iguanas
  5 orc priests
  17 orc wizards
  A gnoll shaman (D:4)
  5 centaur skeletons
  14 worker ants
  Natasha (twice) (D:4)
  2 hound zombies
  A hound skeleton (D:7)
  Robin (D:2)
  A howler monkey zombie (D:7)
  A worker ant zombie (D:6)
  6 gnolls
  9 adders
  A shadow imp (D:10)
  A worm (D:2)
  5 leopard geckos
  66 orcs
  4 giant cockroaches
  14 goblins
  2 hobgoblins
  10 jackals
  7 quokkas
  2 ball pythons (D:2)
  3 bats
  2 frilled lizards (D:2)
  14 kobolds
  A leopard gecko skeleton (D:5)
  A quokka skeleton (D:4)
  A rat (D:1)
406 creatures vanquished.

Vanquished Creatures (collateral kills)
  An ugly thing (D:14)
  A slime creature (D:14)
  A bullfrog (D:14)
3 creatures vanquished.

Vanquished Creatures (others)
  A yaktaur (D:14)
  An orc warrior (D:8)
  An orc wizard (D:11)
  An orc (D:8)
  2 fungi (Lair:1)
  2 plants (D:10)
8 creatures vanquished.

Grand Total: 417 creatures vanquished

Notes
Turn   | Place    | Note
-------+----------+-------------------------------------------
     0 | D:1      | EnegeticOcto the Deep Dwarf Fighter began the quest for the
                  | Orb.
     0 | D:1      | Reached XP level 1. HP: 20/20 MP: 1/1
    78 | D:2      | Noticed a crimson imp
    79 | D:2      | Noticed Robin
    84 | D:2      | Reached XP level 2. HP: 27/27 MP: 2/2
   108 | D:2      | Killed Robin
   108 | D:2      | Reached XP level 3. HP: 18/33 MP: 3/3
   113 | D:2      | Reached skill level 1 in Dodging
   147 | D:2      | Reached XP level 4. HP: 40/42 MP: 4/4
   278 | D:3      | Reached XP level 5. HP: 28/49 MP: 5/5
   339 | D:4      | Noticed Natasha
   348 | D:4      | Killed Natasha
   443 | D:4      | Reached XP level 6. HP: 37/56 MP: 5/5
   477 | D:4      | Found an iron altar of Okawaru.
   584 | D:4      | Noticed Edmund
   626 | D:4      | Killed Edmund
   789 | D:4      | Reached skill level 5 in Axes
   858 | D:4      | Reached XP level 7. HP: 55/63 MP: 5/5
   898 | D:4      | Noticed Natasha
   910 | D:4      | Killed Natasha
   914 | D:4      | Found Moblig's Gadget Emporium.
  1160 | D:5      | Entered Level 5 of the Dungeon
  1455 | D:5      | Reached skill level 5 in Armour
  1530 | D:5      | Reached skill level 5 in Shields
  1605 | D:5      | Reached XP level 8. HP: 51/73 MP: 6/6
  2082 | D:6      | Found a staircase to the Ecumenical Temple.
  2091 | Temple   | Entered the Ecumenical Temple
  2187 | Temple   | Became a worshipper of Makhleb the Destroyer
  2335 | D:6      | Reached skill level 1 in Invocations
  2413 | D:6      | Found a snail-covered altar of Cheibriados.
  2522 | D:6      | Found a runed translucent door.
  2523 | D:6      | Noticed Crazy Yiuf
  2836 | D:6      | Killed Crazy Yiuf
  3022 | D:7      | Reached skill level 5 in Fighting
  3030 | D:7      | Gained mutation: You passively map the area around you.
                  | [Deep Dwarf growth]
  3030 | D:7      | Reached XP level 9. HP: 49/81 MP: 6/8
  3110 | D:7      | Found a stormy altar of Qazlal.
  3196 | D:7      | Reached skill level 5 in Dodging
  3245 | D:7      | Reached * piety under Makhleb
  3245 | D:7      | Reached skill level 5 in Invocations
  3473 | D:8      | Noticed a two-headed ogre
  3479 | D:8      | Noticed Psyche
  3491 | D:8      | Killed a two-headed ogre
  3497 | D:8      | Killed Psyche
  3629 | D:8      | Reached XP level 10. HP: 48/91 MP: 10/10
  3638 | D:8      | Reached ** piety under Makhleb
  3790 | D:8      | Noticed Pikel
  3804 | D:8      | Killed Pikel
  3816 | D:8      | Found an ornate altar of the Wu Jian Council.
  4218 | D:9      | Found a basalt altar of Yredelemnul.
  4260 | D:9      | Found an opulent altar of Gozag.
  4629 | D:10     | Entered Level 10 of the Dungeon
  4730 | D:10     | Reached *** piety under Makhleb
  4753 | D:10     | Found a runed translucent gate.
  4753 | D:10     | Noticed an 11-headed hydra
  4753 | D:10     | Noticed derval's ghost (novice DEIE)
  4754 | D:10     | Noticed a nine-headed hydra
  4755 | D:10     | Found a runed translucent gate.
  4755 | D:10     | Found a runed translucent gate.
  4901 | D:10     | Reached skill level 10 in Axes
  5020 | D:10     | Noticed Josephine
  5030 | D:10     | Reached XP level 11. HP: 53/99 MP: 11/11
  5050 | D:10     | Killed Josephine
  5472 | D:10     | Killed a two-headed hydra
  5492 | D:10     | Killed derval's ghost
  5492 | D:10     | Reached skill level 10 in Invocations
  5502 | D:10     | Killed a six-headed hydra
  5508 | D:10     | Got a dazzling war axe
  5509 | D:10     | Identified the +5 war axe of Ciamp {vorpal, rElec Str+4
                  | SInv} (You found it on level 10 of the Dungeon)
  5536 | D:11     | Noticed a green ugly thing
  5545 | D:11     | Killed a green ugly thing
  5577 | D:11     | Noticed Fannar
  5579 | D:11     | Noticed a two-headed ogre
  5583 | D:11     | Noticed a purple ugly thing
  5591 | D:11     | Killed a two-headed ogre
  5599 | D:11     | Reached **** piety under Makhleb
  5605 | D:11     | Killed a purple ugly thing
  5646 | D:11     | Killed Fannar
  5646 | D:11     | Reached XP level 12. HP: 92/109 MP: 2/7
  5722 | D:11     | Found a staircase to the Lair.
  5956 | D:11     | Found a staircase to the Orcish Mines.
  6140 | D:11     | Found a shadowy altar of Dithmenos.
  6219 | Lair:1   | Entered Level 1 of the Lair of Beasts
  6266 | Lair:1   | Noticed a four-headed hydra
  6280 | Lair:1   | Killed a 12-headed hydra
  6290 | Lair:1   | Noticed Sonja
  6602 | D:12     | Reached ***** piety under Makhleb
  6619 | D:12     | Noticed Azrael
  6640 | D:12     | Killed Azrael
  6751 | D:12     | Noticed a four-headed hydra
  6760 | D:12     | Killed a one-headed hydra
  6814 | D:12     | Noticed Jorgrun
  6842 | D:12     | Killed Jorgrun
  7548 | D:13     | Reached XP level 13. HP: 97/117 MP: 5/5
  7587 | D:13     | Noticed Snorg
  7598 | D:13     | Killed Snorg
  7651 | D:13     | Noticed Nessos
  7674 | D:13     | Killed Nessos
  7715 | D:13     | Noticed Frances
  7743 | D:13     | Killed Frances
  8316 | D:14     | Reached skill level 10 in Shields
  8319 | D:14     | Reached skill level 10 in Armour
  8335 | D:14     | Demolished by an orc knight

Levels and vault maps discovered:
D:1:      scummos_arrival_hexagon, layout_basic, nrook_uturn,
          chequers_big_river, st_stairs_11
D:2:      layout_rooms, first_ration, minmay_hexomino_p4, uniq_jessica,
          uniq_robin
D:3:      layout_loops_ring, lemuel_crystal_altar,
          gammafunk_ghost_nasty_kobolds, uniq_ijyb
D:4:      layout_basic, serial_shops,
          nicolae_shop_temple_entry_statues_fountains, minmay_tree_intersection,
          okawaru_altar_gauntlet_db, uniq_natasha, uniq_edmund
D:5:      layout_gridville, minmay_joined_circles
D:6:      layout_basic, lemuel_round_altar, minmay_temple_entry_poolview,
          portal_sewer_entry_e, minmay_misc_feat_chi, uniq_crazy_yiuf_cottage
D:7:      layout_cave_pools, nicolae_overflow_crystal_walls
D:8:      layout_cave_pools, old_standard_altar, special_room
          [special_room_orc], uniq_pikel, uniq_psyche
D:9:      layout_cave_pools, grunt_gozag_breadcrumbs, lemuel_doored_altar
D:10:     layout_roguey, gammafunk_ghost_hydra_chop, grunt_livestock,
          minmay_fractal_squares_gapless_7, uniq_josephine
D:11:     layout_rooms, erik_lair_island, david_orc_2,
          eino_small_chamber_without_monster, hangedman_abyss_or_decor_slice,
          nicolae_dithmenos_through_a_glass_darkly, uniq_fannar
D:12:     layout_basic, uniq_azrael, uniq_jorgrun
D:13:     layout_rooms, uniq_nessos, uniq_frances, uniq_snorg
D:14:     layout_rooms, hangedman_vaults_entry_quadrant_bands,
          kennysheep_cluttered_room
Temple:   regret_index_temple_sphere_string
Lair:1:   layout_misc_corridors, uniq_sonja

Skill      XL: |  1  2  3  4  5  6  7  8  9 10 11 12 13 |
---------------+----------------------------------------+-----
Fighting       | 3 4 5 6 7 8 |  8.4
Axes           | 3 4 5 6 7 8 10 11 12 13 | 13.2
Dodging        | 1 2 3 4 5 6 7 8 9 |  9.4
Armour         | 4 5 6 7 8 9 10 | 10.0
Shields        | 4 5 6 7 8 9 10 | 10.0
Invocations    | 4 6 9 11 12 13 | 13.7

Action                   |  1- 3 |  4- 6 |  7- 9 | 10-12 | 13-15 || total
-------------------------+-------+-------+-------+-------+-------++-------
Melee: War axe           |    57 |   167 |   450 |   653 |   202 ||  1529
Invok: Greater Servant o |       |       |       |       |     1 ||     1
 Abil: Heal Wounds       |     1 |     6 |     8 |    34 |     7 ||    56
  Use: Scroll            |       |       |    15 |     5 |       ||    20
 Stab: Confused          |       |       |       |       |     1 ||     1
  Eat: Chunk             |       |     1 |    10 |    15 |     4 ||    30
       Ration            |       |       |       |     2 |       ||     2
Armor: Scale mail        |    37 |    65 |   195 |    39 |       ||   336
       Plate armour      |       |       |       |   432 |    75 ||   507
Dodge: Dodged            |    24 |    50 |   170 |   300 |   123 ||   667
Block: Kite shield       |    41 |    89 |   275 |   531 |   160 ||  1096

Table legend:
 A = Non-vault XP
 B = Vault XP
 C = Vault XP percentage of total XP
 D = Non-vault monster count
 E = Vault monster count
 F = Vault count percentage of total count
                 A         B        C        D         E       F
            +---------+---------+-------+---------+---------+-------
      Total |   28096 |   24025 |  46.1 |     298 |     111 |  27.1
            +---------+---------+-------+---------+---------+-------
        D:1 |       2 |       4 |  66.7 |       2 |       2 |  50.0
        D:2 |      89 |      37 |  29.4 |      14 |      13 |  48.1
        D:3 |     117 |       0 |   0.0 |      12 |       0 |   0.0
        D:4 |     494 |     225 |  31.3 |      21 |       8 |  27.6
        D:5 |     213 |     339 |  61.4 |      10 |       7 |  41.2
        D:6 |     950 |      42 |   4.2 |      32 |       1 |   3.0
        D:7 |    1243 |       0 |   0.0 |      16 |       0 |   0.0
        D:8 |    1509 |    2050 |  57.6 |      23 |      22 |  48.9
        D:9 |    1569 |       0 |   0.0 |      17 |       0 |   0.0
       D:10 |    1050 |    6486 |  86.1 |      12 |      17 |  58.6
       D:11 |    7514 |    1985 |  20.9 |      56 |      15 |  21.1
       D:12 |    4313 |    5341 |  55.3 |      29 |      10 |  25.6
       D:13 |    4696 |    4431 |  48.5 |      30 |       3 |   9.1
       D:14 |    2366 |    3085 |  56.6 |      16 |      13 |  44.8
     Lair:1 |    1971 |       0 |   0.0 |       8 |       0 |   0.0
            +---------+---------+-------+---------+---------+-------
